 Dungeon Sprint DCSS version 0.20-a0-640-g62ed22f (webtiles) character file.

1325 esc the Fighter (level 8, -1/88 HPs)
             Began as a Gargoyle Berserker on Feb 12, 2017.
             Was a High Priest of Trog.
             Killed from afar by an electric eel (2 damage)
             ... with a bolt of electricity
             ... in the Dungeon (Sprint II: "The Violet Keep of Menkaure").
             The game lasted 00:06:02 (652 turns).

esc the Fighter (Gargoyle Berserker)                 Turns: 652, Time: 00:06:03

Health: -1/88      AC: 21    Str: 29    XL:     8   Next: 60%
Magic:  8/8        EV: 11    Int:  9    God:    Trog [*****.]
Gold:   120        SH:  0    Dex:  9    Spells: 7/7 levels left

rFire    . . .     SeeInvis .   a - +0 mace
rCold    . . .     Gourm    .   k - +2 plate armour "Teusecef" {*Contam rPois Regen+ Int+2}
rNeg     + . .     Faith    .   (no shield)
rPois    ∞         Spirit   .   (no helmet)
rElec    +         Reflect  .   (no cloak)
rCorr    .         Harm     .   (no gloves)
MR       .....     NoTele   +   (no boots)
Stlth    ..........             (no amulet)
Regen    0.7/turn               (no ring)
MPRegen  0.2/turn               (no ring)

@: berserking (expiring), very quick
A: negative energy resistance 1, electricity resistance, unbreathing,
petrification resistance, rot immunity, AC +5
a: Berserk, Trog's Hand, Brothers in Arms, Burn Spellbooks, Renounce Religion


You were in the Dungeon.
You worshipped Trog.
Trog was extremely pleased with you.
You were very hungry.

You visited 1 branch You collected 981 gold pieces.
You spent 861 gold pieces at shops.

Inventory:

Hand Weapons
 a - a +0 mace (weapon)
Armour
 k - the +2 plate armour "Teusecef" (worn) {*Contam rPois Regen+ Int+2}
   (You bought it in a shop in the Dungeon)

   It affects your intelligence (+2).
   It protects you from poison.
   It causes magical contamination when unequipped.
   It increases your rate of regeneration.
Scrolls
 i - a scroll of blinking {!r}
Potions
 d - a potion of curing
 e - a potion of heal wounds
 f - a potion of haste
 g - 2 potions of magic
 h - a potion of berserk rage {!q}
Comestibles
 c - a bread ration {@e1}
 j - 3 chunks of flesh {@w0}


   Skills:
 + Level 10.6 Fighting
 + Level 9.8 Maces & Flails
 + Level 10.4 Armour
 + Level 8.1 Dodging


You had 7 spell levels left.
You didn't know any spells.

Dungeon Overview and Level Annotations

Branches:
Dungeon (1/1)

Altars:

Shops:
D ?(:=}[[}[!(%:?=!

Annotations:
D exclusion: oklob plant


Innate Abilities, Weirdness & Mutations

You are resistant to torment.
Your stone body is resilient. (AC +5)
You are immune to poison.
You resist negative energy. (rN+)
You are resistant to electric shocks. (rElec)
You can survive without breathing.
You are immune to petrification.
You are immune to rotting.


Message History

The electric eel completely resists.
You take 7 damage, and have 29/87 hp.
You hit the electric eel. You closely miss the electric eel.
The electric eel shoots out a bolt of lightning at you!
The bolt of electricity hits you! You resist.
The electric eel shoots out a bolt of lightning at you!
The bolt of electricity hits the electric eel.
The electric eel completely resists.
The bolt of electricity hits you!
You take 2 damage, and have 27/87 hp.
You closely miss the electric eel.
The electric eel shoots out a bolt of lightning at you!
The bolt of electricity hits you! You resist.
* * * LOW HITPOINT WARNING * * *
The electric eel shoots out a bolt of lightning at you!
The bolt of electricity misses you. x2
The bolt of electricity hits the electric eel.
The electric eel completely resists.
The bolt of electricity hits the electric eel.
The electric eel completely resists.
You take 4 damage, and have 23/87 hp.
You are too injured to fight recklessly!
You are too injured to fight recklessly!
You bludgeon the electric eel!!
You kill the electric eel!
Trog accepts your kill.
The electric eel shoots out a bolt of lightning at you!
The bolt of electricity hits the electric eel.
The electric eel completely resists.
The bolt of electricity hits you! You resist.
* * * LOW HITPOINT WARNING * * *
The bolt of electricity hits you! You resist.
* * * LOW HITPOINT WARNING * * *
The bolt of electricity hits the electric eel.
The electric eel completely resists.
You take 1 damage, and have 22/88 hp.
Your plate armour "Teusecef" prevents you from hitting the electric eel.
The electric eel shoots out a bolt of lightning at you!
The bolt of electricity hits you! You resist.
The electric eel shoots out a bolt of lightning at you!
The bolt of electricity hits you! You resist. The bolt of electricity hits you!
You resist.
* * * LOW HITPOINT WARNING * * *
The bolt of electricity hits the electric eel.
The electric eel completely resists.
The bolt of electricity hits the electric eel.
The electric eel completely resists.
You take 3 damage, and have 19/88 hp.
You miss the electric eel.
The electric eel shoots out a bolt of lightning at you!
The bolt of electricity hits the electric eel.
The electric eel completely resists.
The bolt of electricity hits you! You resist.
* * * LOW HITPOINT WARNING * * *
The bolt of electricity misses you.
The bolt of electricity hits the electric eel.
The electric eel completely resists.
The electric eel shoots out a bolt of lightning at you!
The bolt of electricity hits the electric eel.
The electric eel completely resists.
The bolt of electricity hits you! You resist.
* * * LOW HITPOINT WARNING * * *
You take 5 damage, and have 14/88 hp.
You miss the electric eel. You barely miss the electric eel.
The electric eel shoots out a bolt of lightning at you!
The bolt of electricity misses you.
The electric eel shoots out a bolt of lightning at you!
The bolt of electricity hits the electric eel.
The electric eel completely resists.
The bolt of electricity hits you!
You closely miss the electric eel.
The electric eel shoots out a bolt of lightning at you!
The bolt of electricity hits you! You resist.
* * * LOW HITPOINT WARNING * * *
You take 1 damage, and have 13/88 hp.
You thump the electric eel!
The electric eel shoots out a bolt of lightning at you!
The bolt of electricity hits you! You resist.
* * * LOW HITPOINT WARNING * * *
The bolt of electricity hits you! You resist.
* * * LOW HITPOINT WARNING * * *
The bolt of electricity hits the electric eel.
The electric eel completely resists.
You take 8 damage, and have 5/88 hp.
You barely miss the electric eel.
The electric eel shoots out a bolt of lightning at you!
The bolt of electricity hits you! You resist.
* * * LOW HITPOINT WARNING * * *
You take 2 damage, and have 3/88 hp.
You sock the electric eel!
You kill the electric eel!
Trog accepts your kill. Something appears at your feet! Trog grants you a gift!
The electric eel shoots out a bolt of lightning at you!
The bolt of electricity hits you! x2; You resist.
* * * LOW HITPOINT WARNING * * *
The electric eel shoots out a bolt of lightning at you!
The bolt of electricity hits you! You resist.
You die...

,,,,,+,,*∩∩,∩∩+,+,,***,,,,***,,,,
,,,,,*,,*******,****,,,,,,,,*,,,,
******+**,,####+####,,,,,,,,*,,,,
∩∩∩∩∩*,,+,##≈≈§≈≈§≈##⌠,,,,*+***,,
∩∩∩∩∩*,,*##§§§§§§§§≈##,,,,*,,***+
*******,,+§§§§§§§≈≈§§#*++**,,,+,,
,,**,,,*###§§§§§;§§§#*≈,,,***,*,,
,,,*,,,,#≈##§§§;§;§#*,≈,,,,,***,,
#########≈≈#+++#@''##***,,,,*,**,
########≈≈≈.....≈...#,,+,,,,*,,*,
.......#≈≈≈≈.##+##..#,,****,*,,*,
...⌠...#≈≈≈≈##..###≈#***,,+,****,
..∩.∩..#≈≈≈≈#..##.#≈..,*,,*,,,***
.∩.∩.∩.#≈≈####.#.####..*****,,**,
∩.∩.∩.∩#≈##.###'##*.##..*,,+,,*,,
.∩...∩.#≈#...##.###..#..*,,*,,*,,
∩.....∩'≈'.##'.<.'.#*+,,****,,**,


You could see 3 electric eels.

Vanquished Creatures
  A merfolk siren (D)
  A blink frog (D)
  Menkaure (D)
  4 necrophages (D)
  6 electric eels (D)
  4 worker ants (D)
  3 worms (D)
20 creatures vanquished.

Vanquished Creatures (others)
  A crocodile (D)
1 creature vanquished.

Grand Total: 21 creatures vanquished

Notes
Turn   | Place    | Note
-------+----------+-------------------------------------------
     0 | D        | esc the Gargoyle Berserker began the quest for the Orb.
     0 | D        | Reached XP level 1. HP: 14/14 MP: 1/1
     5 | D        | Reached skill level 2 in Dodging
     9 | D        | Reached XP level 2. HP: 20/20 MP: 2/2
    15 | D        | Reached ** piety under Trog
    15 | D        | Reached skill level 4 in Fighting
    15 | D        | Reached skill level 3 in Armour
    55 | D        | Killed a crocodile
   164 | D        | Noticed a necrophage
   164 | D        | Noticed a necrophage
   164 | D        | Noticed a necrophage
   164 | D        | Noticed a necrophage
   168 | D        | Killed a necrophage
   168 | D        | Reached skill level 5 in Fighting
   168 | D        | Reached skill level 5 in Maces & Flails
   168 | D        | Reached skill level 5 in Armour
   168 | D        | Reached skill level 4 in Dodging
   168 | D        | Reached XP level 3. HP: 27/27 MP: 3/3
   168 | D        | Reached XP level 4. HP: 32/32 MP: 4/4
   177 | D        | Killed a necrophage
   177 | D        | Reached skill level 6 in Fighting
   177 | D        | Reached skill level 6 in Maces & Flails
   177 | D        | Reached skill level 6 in Armour
   177 | D        | Reached XP level 5. HP: 37/37 MP: 5/5
   188 | D        | Killed a necrophage
   188 | D        | Reached *** piety under Trog
   188 | D        | Reached skill level 7 in Fighting
   188 | D        | Reached skill level 7 in Armour
   188 | D        | Reached skill level 5 in Dodging
   188 | D        | Reached XP level 6. HP: 29/44 MP: 6/6
   198 | D        | Killed a necrophage
   198 | D        | Reached skill level 8 in Fighting
   198 | D        | Reached skill level 7 in Maces & Flails
   288 | D        | Noticed a merfolk siren
   314 | D        | Killed a merfolk siren
   314 | D        | Reached skill level 9 in Fighting
   314 | D        | Reached skill level 8 in Maces & Flails
   314 | D        | Reached skill level 9 in Armour
   314 | D        | Reached skill level 7 in Dodging
   314 | D        | Reached XP level 7. HP: 40/51 MP: 7/7
   384 | D        | Reached **** piety under Trog
   473 | D        | Found Pouhu's Magic Scroll Shoppe.
   473 | D        | Found Laufyor's Jewellery Shoppe.
   473 | D        | Found Gewnoh's Food Emporium.
   473 | D        | Found Poum's Antique Armour Shoppe.
   473 | D        | Found Loifonusm's Book Emporium.
   473 | D        | Found Heruff's Distillery.
   473 | D        | Found Ryenorobu's Antique Weapon Shoppe.
   473 | D        | Found Noych's Gadget Emporium.
   474 | D        | Found Meinimnaz's Antique Armour Shoppe.
   474 | D        | Found Xipof's Antique Armour Emporium.
   475 | D        | Found Obla's Distillery.
   476 | D        | Found Ciaqarodd's Gadget Shoppe.
   476 | D        | Found Qetiarux's Jewellery Emporium.
   476 | D        | Noticed Menkaure
   476 | D        | Noticed a fire dragon
   476 | D        | Noticed an oklob plant
   477 | D        | Found Goxeam's Magic Scroll Emporium.
   477 | D        | Found Coqasoimo's Antique Weapon Shoppe.
   477 | D        | Found Xuliyc's Book Shoppe.
   477 | D        | Noticed a slime creature
   477 | D        | Noticed a slime creature
   489 | D        | Killed Menkaure
   489 | D        | Reached ***** piety under Trog
   489 | D        | Reached skill level 10 in Fighting
   489 | D        | Reached skill level 9 in Maces & Flails
   489 | D        | Reached XP level 8. HP: 57/57 MP: 8/8
   497 | D        | Noticed a hippogriff
   499 | D        | Noticed a hippogriff
   500 | D        | Noticed a hippogriff
   502 | D        | Bought a scroll of magic mapping for 49 gold pieces
   509 | D        | Bought a steaming plate armour for 812 gold pieces
   519 | D        | Identified the +2 plate armour "Teusecef" {*Contam rPois Regen+ Int+2} (You bought it in a shop in the Dungeon)
   533 | D        | Noticed a blink frog
   560 | D        | Killed a blink frog
   560 | D        | Reached skill level 10 in Armour
   638 | D        | Reached skill level 8 in Dodging
   644 | D        | HP: 22/88 [electric eel/bolt of electricity (1)]
   649 | D        | HP: 13/88 [electric eel/bolt of electricity (2)]
   650 | D        | HP: 5/88 [electric eel/bolt of electricity (3)]
   652 | D        | Received a gift from Trog
   652 | D        | HP: 1/88 [electric eel/bolt of electricity (3)]
   652 | D        | Killed from afar by an electric eel

Vault maps used:
D:        the_violet_keep_of_menkaure

Skill      XL: |  1  2  3  4  5  6  7  8 |
---------------+-------------------------+-----
Dodging        | 2 4 5 7 8 |  8.1
Fighting       | 5 6 7 9 10 | 10.6
Armour         | 5 6 7 9 10 | 10.4
Maces & Flails | 5 6 8 9 |  9.8

Action                   |  1- 3 |  4- 6 |  7- 9 || total
-------------------------+-------+-------+-------++-------
Melee: Mace              |    12 |    51 |    76 ||   139
Invok: Berserk           |     2 |       |     3 ||     5
  Use: Scroll            |       |       |     1 ||     1
  Eat: Chunk             |       |       |     3 ||     3
Armor: Animal skin       |     1 |    10 |     3 ||    14
       Plate armour      |       |       |    18 ||    18
Dodge: Dodged            |     2 |    15 |    46 ||    63

Vault maps used:
D:        the_violet_keep_of_menkaure

Table legend:
 A = Turns spent in this place as a percentage of turns spent in the entire game.
 B = Non-inter-level travel turns spent in this place as a percentage of non-inter-level travel turns spent in the entire game.
 C = Inter-level travel turns spent in this place as a percentage of turns spent in this place.
 D = Turns resting spent in this place as a percentage of non-inter-level travel turns spent in this place.
 E = Turns spent auto-exploring this place as a percentage of non-inter-level travel turns spent in this place.
 F = Non-inter-level travel turns spent in this place divided by the number of levels of this place that you've seen.
                   A       B       C       D       E      F
               +-------+-------+-------+-------+-------+----------------------
         Total | 100.0 | 100.0 |   0.0 |   5.3 |   0.0 | 342.0
       Dungeon | 100.0 | 100.0 |   0.0 |   5.3 |   0.0 | 342.0
               +-------+-------+-------+-------+-------+----------------------

Table legend:
 A = Kills in this place as a percentage of kills in entire the game.
 B = Kills by you in this place as a percentage of kills by you in the entire game.
 C = Kills by friends in this place as a percentage of kills by friends in the entire game.
 D = Other kills in this place as a percentage of other kills in the entire game.
 E = Experience gained in this place as a percentage of experience gained in the entire game.
 F = Experience gained in this place divided by the number of levels of this place that you have seen.
                   A       B       C       D       E      F
               +-------+-------+-------+-------+-------+----------------------
         Total | 100.0 | 100.0 |  -nan |  -nan | 100.0 | 1894.0
       Dungeon | 100.0 | 100.0 |  -nan |  -nan | 100.0 | 1894.0
               +-------+-------+-------+-------+-------+----------------------
